 Dungeon Crawl Stone Soup version 0.20.0-14-g326068f (webtiles) character file.

61 Crag the Slasher (level 3, -2/28 HPs)
             Began as a Demonspawn Gladiator on June 8, 2017.
             Slain by a gnoll
             ... wielding a +0 spear
              (7 damage)
             ... on level 2 of the Dungeon.
             The game lasted 00:04:36 (1929 turns).

Crag the Slasher (Demonspawn Gladiator)             Turns: 1929, Time: 00:04:37

Health: -2/28      AC:  3    Str: 15    XL:     3   Next: 83%
Magic:  3/3        EV: 12    Int:  9    God:
Gold:   46         SH:  3    Dex: 14    Spells: 2/2 levels left

rFire    + . .     SeeInvis .   a - +0 long sword
rCold    . . .     Gourm    .   h - +0 buckler
rNeg     . . .     Faith    .   b - +0 leather armour
rPois    .         Spirit   .   (helmet restricted)
rElec    .         Reflect  .   (no cloak)
rCorr    .         Harm     .   (no gloves)
MR       .....                  (no boots)
Stlth    +.........             (no amulet)
Regen    0.1/turn               (no ring)
MPRegen  0.1/turn               (no ring)

@: no status effects
A: horns 1, fire resistance 1
a: no special abilities


You were on level 2 of the Dungeon.
You were not hungry.

You visited 1 branch of the dungeon, and saw 3 of its levels.

You collected 46 gold pieces.

Inventory:

Hand Weapons
 a - a +0 long sword (weapon)
Missiles
 d - 4 throwing nets (quivered)
 o - 48 stones
Armour
 b - a +0 leather armour (worn)
 c - a +0 helmet
 h - a +0 buckler (worn)
Scrolls
 e - a scroll of remove curse
 i - a scroll of teleportation {unknown}
 j - a scroll of amnesia {unknown}
 l - a scroll of identify {unknown}
 m - a scroll of magic mapping {unknown}
Potions
 g - a potion of agility {unknown}
Books
 q - a book of Misfortune

   Spells                             Type                      Level
   a - Confusing Touch                Hexes                        1
   b - Confuse                        Hexes                        3
   c - Gell's Gravitas                Translocation                3
   d - Petrify                        Transmutation/Earth          4
   e - Metabolic Englaciation         Hexes/Ice                    5
   f - Yara's Violent Unravelling     Hexes/Transmutation          5
Comestibles
 f - a bread ration
 n - 2 fruits


   Skills:
 + Level 2.5 Fighting
 * Level 3.6 Long Blades
 - Level 1.7 Throwing
 + Level 3.3 Dodging


You had 2 spell levels left.
You didn't know any spells.

Dungeon Overview and Level Annotations

Branches:
Dungeon (3/15)

Altars:


Innate Abilities, Weirdness & Mutations

You have a pair of small horns on your head.
Your flesh is heat resistant. (rF+)


Message History

You hit the gnoll. Your headbutt misses the gnoll.
The gnoll is severely wounded.
The gnoll barely misses you.
The gnoll hits you from afar with a spear.
The gnoll hits you with a whip!
* * * LOW HITPOINT WARNING * * *
You hit the gnoll.
The gnoll is severely wounded.
The gnoll closely misses you. The gnoll hits you with a whip.
* * * LOW HITPOINT WARNING * * *
You closely miss the gnoll.
You headbutt the gnoll, but do no damage.
The gnoll is severely wounded.
The gnoll hits you but does no damage. The gnoll barely misses you.
The gnoll hits you but does no damage.
You hit the gnoll but do no damage.
The gnoll is severely wounded.
You block the gnoll's attack.
The gnoll hits you from afar with a spear!
You die...

..###...#.......##†............#
..# ###.###.......<.##...###...#
..# ####....#####...........>#
### ##.#.........#..###....#
#..#...#####.#.........#
#########.#..#..............)..#
................###....#####...#
######.......#####..##.# #...#
............wggg@..###.# ##..##
######.......####### #.# ##... #
#...>...# #.# #### #....g..# ###
#.......# #########


You could see a worm and 3 gnolls.

Vanquished Creatures
  An adder (D:2)
  An ooze (D:2)
  2 worms (D:2)
  A dart slug (D:1)
  A ball python (D:2)
  9 bats
  A bat zombie (D:1)
  2 giant cockroaches
  5 goblins
  4 hobgoblins
  6 kobolds
  A frilled lizard (D:1)
  A leopard gecko zombie (D:1)
  3 rats (D:1)
38 creatures vanquished.

Notes
Turn   | Place    | Note
-------+----------+-------------------------------------------
     0 | D:1      | Crag the Demonspawn Gladiator began the quest for the Orb.
     0 | D:1      | Reached XP level 1. HP: 16/16 MP: 1/1
   307 | D:1      | Gained mutation: You have a pair of small horns on your head. [demonic ancestry]
   307 | D:1      | Reached XP level 2. HP: 22/22 MP: 2/2
  1160 | D:2      | Gained mutation: Your flesh is heat resistant. (rF+) [demonic ancestry]
  1160 | D:2      | Reached XP level 3. HP: 28/28 MP: 3/3
  1916 | D:2      | HP: 1/28 [gnoll/whip (1)]
  1929 | D:2      | Slain by a gnoll

Skill      XL: |  1  2  3 |
---------------+----------+-----
Long Blades    | 3 |  3.6
Dodging        | 3 |  3.3
Fighting       | |  2.5
Throwing       | |  1.7

Action                   || total
-------------------------++-------
Melee: Long sword        ||   108
       Headbutt          ||    29
  Use: Scroll            ||     3
       Potion            ||     2
  Eat: Chunk             ||     3
Armor: Leather armour    ||    30
Dodge: Dodged            ||    66
Block: Buckler           ||    16
       Rpst.: Long sword ||    23
